Map: Acropolis LE

Players

soO - Winner!

  • Race: Zerg Zerg
  • League: Diamond
  • Spawn Location: 11:00

MCanning

  • Race: Protoss Protoss
  • League: Master
  • Spawn Location: 5:00

Event: NationWars 2019

VOD

Have the link to the VOD?

Description

Time

  • Played on: Nov. 12, 2019, 3:30 p.m.
  • Length: 8:28
Show
View Real Time Build Order
Export as new Build Order

soO Zerg - Winner!

Build Orders: 3 Hatch before Pool 

Get SALT Encoding   

  12  0:00  Drone  
  13  0:12  Overlord  
  13  0:17  Drone  
  14  0:31  Drone x2  
  14  0:34  Drone  
  17  0:52  Hatchery  
  17  0:56  Drone  
  17  1:16  Hatchery  
  16  1:19  Drone  
  16  1:23  Drone  
  18  1:33  Extractor  
  18  1:36  Spawning Pool  
  18  1:39  Drone  
  17  1:42  Drone  
  17  1:46  Drone  
  19  1:54  Drone  
  20  2:09  Drone  
  20  2:11  Hatchery  
  20  2:13  Drone  
  21  2:21  Drone  
  22  2:23  Queen x2  
  22  2:28  Overlord  
  26  2:32  Zergling x2  
  26  2:35  Zergling x2  
  28  2:39  Metabolic Boost  
  28  2:47  Zergling x4  
  28  2:50  Zergling x2  
  31  2:52  Zergling x2  
  31  2:56  Drone  
  33  2:59  Queen  
  33  3:05  Overlord  
  35  3:09  Drone  
  35  3:21  Overlord  
  35  3:23  Drone  
  35  3:24  Drone x2  
  38  3:30  Drone, Queen  
  38  3:31  Drone  
  42  3:34  Overlord  
  42  3:40  Drone x2  
  44  3:43  Drone  
  44  3:46  Overlord  
  44  3:48  Drone  
  46  3:50  Drone  
  46  3:53  Drone  
  48  3:58  Drone x2  
  50  4:09  Drone x3  
  53  4:11  Lair  
  53  4:13  Roach Warren  
  53  4:14  Drone x2  
  53  4:16  Drone  
  55  4:21  Drone  
  55  4:22  Drone  
  55  4:23  Extractor  
  56  4:25  Extractor  
  56  4:27  Drone x3  
  56  4:28  Zergling x2  
  56  4:30  Zergling x2  
  60  4:36  Overlord  
  60  4:39  Zergling x4  
  60  4:42  Overlord  
  62  4:48  Spore Crawler  
  62  4:50  Drone  
  62  4:53  Overlord  
  62  4:56  Roach x5  
  72  5:10  Overseer  
  72  5:11  Glial Reconstitution  
  72  5:16  Drone x2  
  72  5:17  Zergling x10  
  72  5:20  Zergling x6  
  72  5:21  Zergling x2  
  75  5:32  Roach x3  
  75  5:33  Roach x4  
  89  5:39  Overlord  
  89  5:40  Overlord  
  89  5:44  Overlord  
  89  5:45  Overlord  
  89  5:51  Overlord  
  89  5:52  Overseer  
  89  5:56  Drone  
  89  5:57  Overlord  
  89  5:59  Drone x3  
  89  6:00  Drone x2  
  89  6:01  Roach x2  
  96  6:09  Roach, Extractor  
  96  6:10  Roach x3  
  103  6:14  Drone x2  
  103  6:18  Drone  
  103  6:21  Queen  
  103  6:25  Roach  
  105  6:28  Roach x2  
  105  6:29  Roach  
  111  6:33  Drone x2  
  111  6:34  Drone  
  111  6:36  Overlord  
  111  6:39  Drone x3  
  113  6:42  Drone x2  
  113  6:45  Overlord  
  115  6:52  Overlord  
  115  6:53  Drone  
  115  6:56  Drone  
  116  7:06  Roach x5  
  126  7:12  Roach  
  128  7:21  Ravager x2  
  128  7:22  Roach x2, Ravager  
  137  7:23  Roach  
  137  7:26  Hatchery  
  137  7:28  Zergling x2, Ravager x2  
  137  7:29  Zergling x8  
  143  7:30  Evolution Chamber  
  143  7:35  Ravager  
  143  7:36  Zergling x6  
  144  7:46  Zergling x4, Roach x2  
  148  7:53  Zergling x10  
  148  7:57  Ravager  
  148  7:58  Ravager  
  153  8:01  Overlord  
  153  8:02  Overlord  
  153  8:05  Extractor  
  152  8:10  Zergling x8  
Show
View Real Time Build Order
Export as new Build Order

MCanning Protoss 

Build Orders: Zealot Archon, Dark Templar Rush 

Get SALT Encoding   

  12  0:01  Probe  
  13  0:13  Probe  
  14  0:20  Pylon  
  14  0:25  Probe  
  15  0:39  Probe (Chrono Boost), Gateway  
  16  0:49  Probe (Chrono Boost), Assimilator  
  17  0:54  Probe (Chrono Boost)  
  18  1:05  Probe  
  19  1:17  Probe  
  20  1:25  Zealot (Chrono Boost)  
  20  1:30  Pylon  
  22  1:34  Cybernetics Core  
  22  1:35  Probe  
  23  1:48  Probe, Zealot  
  26  2:00  Probe  
  27  2:18  Nexus  
  29  2:23  Adept (Chrono Boost)  
  29  2:24  Assimilator  
  29  2:26  Warp Gate  
  29  2:30  Probe  
  29  2:36  Pylon  
  30  2:51  Probe  
  30  2:54  Stalker  
  30  2:56  Twilight Council  
  33  3:03  Probe  
  34  3:15  Probe  
  35  3:25  Robotics Facility  
  35  3:29  Probe (Chrono Boost)  
  35  3:33  Probe (Chrono Boost)  
  38  3:44  Probe (Chrono Boost)  
  38  3:45  Probe (Chrono Boost), Gateway  
  39  3:48  Dark Shrine, Probe (Chrono Boost)  
  39  3:52  Probe  
  41  4:02  Probe (Chrono Boost)  
  42  4:04  Probe (Chrono Boost)  
  42  4:06  Gateway  
  42  4:12  Gateway  
  42  4:14  Probe (Chrono Boost)  
  42  4:16  Probe (Chrono Boost)  
  44  4:17  Warp Prism (Chrono Boost)  
  44  4:21  Probe  
  47  4:29  Assimilator  
  47  4:30  Probe  
  47  4:31  Assimilator  
  48  4:36  Pylon  
  49  4:38  Probe  
  49  4:43  Probe  
  50  4:46  Warp Prism (Chrono Boost)  
  50  4:50  Probe  
  53  4:55  Probe  
  53  4:56  Pylon  
  54  5:02  Probe  
  54  5:05  Dark Templar  
  57  5:07  Dark Templar  
  59  5:18  Probe, Dark Templar x2  
  59  5:19  Probe  
  59  5:34  Nexus  
  59  5:44  Probe  
  59  5:49  Dark Templar x2  
  64  5:50  Dark Templar x2  
  64  5:52  Probe  
  64  5:56  Probe  
  70  6:03  Pylon  
  69  6:04  Probe  
  70  6:13  Pylon  
  70  6:20  Probe x2  
  70  6:24  Nexus  
  70  6:25  Dark Templar  
  70  6:26  Zealot  
  70  6:27  Pylon  
  74  6:38  Probe  
  74  6:39  Probe  
  74  6:43  Robotics Bay  
  74  6:44  Robotics Facility  
  74  6:50  Probe  
  75  6:59  Probe  
  74  7:03  Probe  
  74  7:04  Gateway  
  74  7:05  Gateway  
  74  7:08  Shield Battery  
  69  7:10  Gateway  
  69  7:11  Probe  
  69  7:13  Gateway, Immortal (Chrono Boost)  
  74  7:17  Dark Templar  
  74  7:21  Archon  
  76  7:25  Archon  
  76  7:27  Stalker x2, Dark Templar  
  82  7:31  Archon  
  82  7:36  Disruptor (Chrono Boost)  
  79  7:52  Disruptor (Chrono Boost)  
  79  7:57  Probe  
  78  7:59  Pylon x2  
  78  8:01  Shield Battery  
  78  8:02  Shield Battery  
  78  8:03  Shield Battery x2  
  81  8:06  Zealot x2  
Tags
 
Add a new tag
Caveats
  • Supply blocks, unpowered buildings, or Contaminate may cause inaccurate times.
  • Supply counts are checked every 10 seconds.